 Dungeon Crawl Stone Soup version 0.19.0-19-g8c6edcc (webtiles) character file.

162586 mopl the Unseen (level 17, -1/88 HPs)
             Began as a Spriggan Venom Mage on Nov 9, 2016.
             Was a High Priest of Ashenzari.
             Slain by an Ice Fiend (11 damage)
             ... in an ice cave on Nov 12, 2016.
             The game lasted 02:32:09 (37811 turns).

mopl the Unseen (Spriggan Venom Mage)              Turns: 37811, Time: 02:32:10

Health: -1/88      AC:  6    Str:  4    XL:     17   Next: 22%
Magic:  27/45      EV: 27    Int: 27    God:    Ashenzari [*****.]
Gold:   1695       SH:  0    Dex: 19    Spells: 11 memorised, 9 levels left

rFire  + . .     SeeInvis +     b - +2 rapier (elec)
rCold  + + .     Gourm    .     s - +2 robe {rC+ rF+} (curse)
rNeg   . . .     Faith    .     (shield restricted)
rPois  .         Spirit   .     (helmet restricted)
rElec  +         Reflect  .     p - +1 cloak
rCorr  .         Harm     .     (gloves unavailable)
MR     ++...     Clarity  +     (boots unavailable)
Stlth  ++++++....               d - amulet of magic regeneration
                                K - ring "Ydorphafu" {MP+9 Stlth-}
                                C - ring of Megalomania {Wiz rElec Int+4}

@: repel missiles, very quick
A: unfitting armour, see invisible, clever 1, cold resistance 1, herbivore 3,
speed 3, slow metabolism 2
a: Curse Item, Scrying, Transfer Knowledge, Renounce Religion


You were in an ice cave.
You worshipped Ashenzari.
Ashenzari was extremely pleased with you.
You were not hungry.

You visited 6 branches of the dungeon, and saw 29 of its levels.
You visited 1 bazaar.
You also visited: Labyrinth, Bailey, Ice Cave and Volcano.

You collected 3195 gold pieces.
You spent 1500 gold pieces at shops.

Inventory:

Hand Weapons
 a - a +6 demon whip of venom
 b - a +2 rapier of electrocution (weapon)
 e - the cursed +1 long sword of Laceration {flame, Str+6}
   (You found it on level 1 of the Shoals)

   It has been specially enchanted to burn those struck by it, causing extra
   injury to most foes and up to half again as much damage against particularly
   susceptible opponents.
   Big, fiery blades are also staple armaments of hydra-hunters.
   It affects your strength (+6).
   It has a curse placed upon it.
 y - a +0 blowgun
 G - a +2 dagger of venom
 N - the +5 falchion of the Rattle-Snake {slice, MR+ Stlth+}
   (You found it in an ice cave)

   It inflicts extra damage upon your enemies.
   It affects your resistance to hostile enchantments.
   It makes you more stealthy.
Missiles
 h - 6 poisoned needles
 u - 71 tomahawks (quivered)
 x - 7 tomahawks of returning
 F - 4 throwing nets
Armour
 p - a +1 cloak (worn)
 s - a cursed +2 robe of resistance (worn)
 O - a +0 buckler
Jewellery
 d - an amulet of magic regeneration (around neck)
 j - an uncursed amulet of regeneration
 t - a +5 amulet of reflection
 C - the ring of Megalomania (left hand) {Wiz rElec Int+4}
   (You took it off a minotaur in a labyrinth)

   [ring of wizardry]

   It improves your spell success rate.
   It affects your intelligence (+4).
   It insulates you from electricity.
 K - the ring "Ydorphafu" (right hand) {MP+9 Stlth-}
   (You found it on level 5 of the Dungeon)

   [ring of loudness]

   It affects your magic capacity (+9).
   It makes you less stealthy.
Wands
 q - a wand of polymorph (11/24)
 B - a wand of enslavement (3/24)
 D - a wand of enslavement (9/24)
 L - a wand of confusion (19/48)
 M - a wand of paralysis (13/24)
 R - a wand of paralysis (11/24)
 U - a wand of teleportation (4/9)
Scrolls
 l - 6 scrolls of teleportation
 o - 4 scrolls of fog
 w - 4 scrolls of fear
 H - 12 scrolls of remove curse
 J - 5 scrolls of identify
 Q - 6 scrolls of magic mapping
 T - a scroll of recharging
Potions
 f - 10 potions of curing
 g - 3 potions of haste
 k - a potion of ambrosia
 m - 3 potions of berserk rage {!q}
 v - 5 potions of lignification {!q}
 A - 2 potions of agility
 E - 2 potions of resistance
 I - 6 potions of flight
 V - 2 potions of magic
 W - 6 potions of might
 X - 2 potions of cancellation
 Z - 3 potions of invisibility
Books
 z - a book of Callings

   Spells                             Type                      Level
   a - Summon Small Mammal            Summoning                    1
   b - Call Imp                       Summoning                    2
   c - Call Canine Familiar           Summoning                    3
   d - Summon Guardian Golem          Hexes/Summoning              3
   e - Summon Lightning Spire         Summoning/Air                4
   f - Summon Ice Beast               Ice/Summoning                4
 P - a book of the Dragon

   Spells                             Type                      Level
   a - Flame Tongue                   Conjuration/Fire             1
   b - Cause Fear                     Hexes                        4
   c - Bolt of Fire                   Conjuration/Fire             6
   d - Dragon Form                    Transmutation                7
   e - Dragon's Call                  Summoning                    9
Miscellaneous
 i - a sack of spiders
 n - a lamp of fire (inert)
 S - a phantom mirror
 Y - a fan of gales
Comestibles
 c - 13 bread rations
 r - 6 royal jellies


   Skills:
 + Level 9.5 Fighting
 - Level 6.2 Short Blades
 - Level 10.0 Dodging
 - Level 17.0 Stealth
 + Level 14.8 Spellcasting
 + Level 9.3 Conjurations
 - Level 3.0 Transmutations
 - Level 10.5 Air Magic
 + Level 6.1 Earth Magic
 + Level 14.9 Poison Magic


You had 9 spell levels left.
You knew the following spells:

 Your Spells              Type           Power        Failure   Level  Hunger
a - Apportation           Tloc           ###.......   1%          1    None
b - Olgreb's Toxic Radia  Pois           #######.     1%          4    None
c - Venom Bolt            Conj/Pois      ######....   1%          5    #......
d - Mephitic Cloud        Conj/Pois/Air  ######..     1%          3    None
e - Blink                 Tloc           N/A          1%          2    None
g - Ignite Poison         Fire/Tmut/Pois ######..     1%          3    None
h - Stone Arrow           Conj/Erth      ######       1%          3    None
i - Repel Missiles        Chrm/Air       #####.       1%          2    None
k - Lee's Rapid Deconstr  Erth           ######....   3%          5    #......
p - Passwall              Tmut/Erth      #####.....   1%          2    None
C - Poisonous Cloud       Conj/Pois/Air  ######....   1%          6    ####...


Dungeon Overview and Level Annotations

Branches:
Dungeon (15/15)            Temple (1/1) D:7            Lair (6/6) D:8
 Shoals (2/4) Lair:3       Spider (0/4) Lair:4        Slime (0/5) Lair:5
    Orc (2/2) D:12            Elf (3/3) Orc:2        Vaults (0/5) D:13
 Depths (0/5) D:15

Altars:
Ashenzari
Cheibriados
Dithmenos
Elyvilon
Fedhas
Gozag
Makhleb
Qazlal
Sif Muna
Trog
Uskayaw
Beogh

Shops:
D:6 *   D:10 :   Orc:2 }([*

Portals:
Trove: D:14 (give Grand Grimoire)

Annotations:
D:11 Harold
Lair:5 exclusion: oklob plant
Shoals:2 exclusion: ice statue
Elf:1 fly
Elf:2 5 runed doors
Elf:3 bb, 2 exclusions, Saint Roka


Innate Abilities, Weirdness & Mutations

You are very small and have problems with some larger weapons.
You are too small for most types of armour.
You have supernaturally acute eyesight. (SInv)
You are a herbivore.
You cover ground extremely quickly.
You need consume almost no food.
Your mind is acute. (Int +2)
Your flesh is cold resistant. (rC+)


Message History

Press: ? - help, Shift-Dir - straight line, f/p - Ice Fiend
Aim: an Ice Fiend (flame, moderately wounded)
The stone arrow hits the Ice Fiend.
The Ice Fiend is heavily wounded.
The Ice Fiend is engulfed in roaring flames.
Unknown command.
Casting: Stone Arrow
Confirm with . or Enter, or press ? or * to list all spells.
Aiming: Stone Arrow
Press: ? - help, Shift-Dir - straight line, f/p - Ice Fiend
Aim: an Ice Fiend (flame, heavily wounded)
The stone arrow hits the Ice Fiend.
The Ice Fiend is severely wounded.
The Ice Fiend is engulfed in roaring flames.
The Ice Fiend claws you! The Ice Fiend freezes you! You resist.
* * * LOW HITPOINT WARNING * * *
The Ice Fiend claws you!
* * * LOW HITPOINT WARNING * * *
The Ice Fiend freezes you! You resist.
You die...

##≈###≈≈≈### ≈ ≈≈
≈* #≈≈#≈≈≈≈≈## ≈
≈≈ ≈≈ ##≈≈≈≈≈≈≈≈≈
≈≈ ≈ * ≈ *
##≈≈≈≈≈≈≈≈≈ ≈* **
#.#≈≈≈≈≈≈≈≈ ≈≈ *
##.##≈≈≈≈≈## ***,
* #.##≈≈≈≈≈≈### *
, , #.## ≈#≈≈##.##
∆, , #..#
##≈#.@1§# **∆ ,,*
#..###.≈#..#§§.#*
#...#.###.###§§§#≈
, * #...#.(##.#
.§..§. ,*
##...###.## .§.§≈
* ##..##..# *...§.
* ##.##.## **..§.
#..##.# ....
##.##.## ** *


You could see an Ice Fiend.

Vanquished Creatures
  A sphinx (Elf:3)
  2 krakens (Shoals:1)
  Kirke (Shoals:1)
  Roxanne (D:14)
  A deep elf sorcerer (Elf:1)
  2 orc warlords
  Louise (Elf:3)
  Azrael (D:12)
  A deep elf demonologist (Elf:2)
  Nessos (D:12)
  A deep elf annihilator (Elf:2)
  An ettin (D:15)
  Snorg (D:10)
  2 merfolk javelineers (Shoals:1)
  A deep elf death mage (Elf:3)
  A minotaur (Lab)
  A merfolk impaler (Shoals:1)
  5 catoblepae
  2 merfolk avatars (Shoals:1)
  10 hydras
  The ghost of Dirian the Carver, a novice MiFi of Okawaru (D:10)
  Erica (D:8)
  2 centaur warriors
  An ogre mage (D:15)
  A tengu warrior (D:15)
  5 merfolk aquamancers (Shoals:1)
  6 dancing weapons
  17 death yaks
  Nergalle (Lair:1)
  10 deep elf knights
  6 sea snakes
  An unseen horror (D:11)
  An ironbrand convoker (D:13)
  Pikel (D:5)
  6 deep elf archers
  A necromancer (D:13)
  4 orc knights
  7 harpies
  11 hill giants
  6 orc sorcerers
  4 cyclopes
  12 manticores
  13 ugly things
  21 deep elf magi
  8 fauns (Shoals:1)
  An ice statue (IceCv)
  6 sirens (Shoals:1)
  3 water nymphs (Shoals:1)
  Maurice (Orc:2)
  A smoke demon (Volcano)
  Joseph (D:9)
  3 gargoyles
  3 centaur zombies
  4 centaur skeletons
  8 komodo dragons
  A rime drake (Lair:3)
  2 freezing wraiths (IceCv)
  A kobold demonologist (D:13)
  7 spiny frogs
  A tengu conjurer (D:15)
  5 anaconda simulacra (IceCv)
  A demonic crawler (Lair:4)
  4 ice devils (IceCv)
  5 red devils (Volcano)
  2 golden dragon simulacra (IceCv)
  14 merfolk (Shoals:1)
  A meliai (shapeshifter) (D:15)
  3 polar bears (Lair:1)
  4 trolls
  2 two-headed ogres
  4 hornets
  2 wind drakes (Shoals:1)
  7 blink frogs
  6 hippogriffs
  4 slime creatures (D:14)
  2 snapping turtles (Shoals:1)
  A meliai zombie (D:8)
  10 water elementals
  7 wyverns
  A shadow (D:15)
  2 air elementals
  A dire elephant simulacrum (IceCv)
  51 yaks
  A wraith (D:10)
  3 basilisks
  3 fire elementals
  A hog (shapeshifter) (D:13)
  Grum (D:11)
  6 fire bats (Lair:3)
  6 hogs (Shoals:1)
  A hungry ghost (D:13)
  4 wargs
  3 mottled dragons
  3 harpy simulacra (IceCv)
  2 iron troll simulacra (IceCv)
  A hydra simulacrum (IceCv)
  4 water moccasins
  4 hell hounds
  A soldier ant (D:13)
  7 porcupines
  8 ice beasts
  A black bear (shapeshifter) (D:15)
  4 eyes of draining
  2 hornet zombies
  4 phantoms
  7 sky beasts
  2 black bears
  An ettin simulacrum (IceCv)
  The ghost of dobroeutro the Chopper, an amateur MiBe of Trog (D:3)
  52 orc warriors
  3 wolves (D:11)
  19 ogres
  3 slaves
  A necrophage (D:13)
  8 centaurs
  12 crocodiles
  2 big kobolds
  16 bullfrogs
  3 earth elementals
  5 scorpions
  A water moccasin skeleton (D:7)
  14 wights
  5 killer bees (D:10)
  A swamp dragon simulacrum (IceCv)
  An electric eel (Lair:3)
  7 howler monkeys
  8 crimson imps
  A bullfrog zombie (D:13)
  2 draconian simulacra (IceCv)
  8 hounds
  3 jellies
  4 bullfrog skeletons
  25 orc priests
  31 orc wizards
  Jessica (D:2)
  6 iguanas
  9 troll simulacra (IceCv)
  A polar bear simulacrum (IceCv)
  11 worker ants
  3 spriggan simulacra (IceCv)
  2 wolf simulacra (IceCv)
  2 hound skeletons
  A howler monkey zombie (D:8)
  2 worker ant zombies
  An ogre simulacrum (IceCv)
  13 adders
  11 gnolls (Bailey)
  A naga simulacrum (IceCv)
  2 shadow imps
  6 white imps (IceCv)
  4 ufetubi (IceCv)
  An ooze (D:4)
  An adder zombie (D:6)
  5 worms
  7 leopard geckos
  127 orcs
  5 giant cockroaches
  25 goblins
  24 hobgoblins
  11 jackals
  16 kobolds
  4 quokkas
  10 bats
  3 frilled lizards
  A leopard gecko skeleton (D:8)
  A quokka skeleton (D:4)
  6 rats
  A fungus (Lair:4)
  7 plants (D:13)
  3 tentacles (Shoals:1)
1016 creatures vanquished.

Vanquished Creatures (collateral kills)
  2 wights (D:9)
2 creatures vanquished.

Vanquished Creatures (others)
  A slave (D:5)
  A wight (D:9)
  2 white imps (IceCv)
  2 ufetubi (IceCv)
  A fungus (Lair:3)
  6 plants
  14 tentacles (Shoals:1)
27 creatures vanquished.

Grand Total: 1045 creatures vanquished

Notes
Turn   | Place    | Note
-------+----------+-------------------------------------------
     0 | D:1      | mopl the Spriggan Venom Mage began the quest for the Orb.
     0 | D:1      | Reached XP level 1. HP: 9/9 MP: 5/5
   400 | D:1      | Reached XP level 2. HP: 13/13 MP: 0/6
   891 | D:2      | Reached skill level 3 in Spellcasting
   891 | D:2      | Reached skill level 1 in Conjurations
   891 | D:2      | Reached XP level 3. HP: 16/16 MP: 1/8
  1516 | D:1      | Learned a level 3 spell: Mephitic Cloud
  1579 | D:2      | Noticed Jessica
  1587 | D:2      | Killed Jessica
  1587 | D:2      | Reached XP level 4. HP: 21/21 MP: 0/10
  1593 | D:2      | Learned a level 4 spell: Olgreb's Toxic Radiance
  1926 | D:3      | Reached skill level 5 in Poison Magic
  1990 | D:3      | Noticed dobroeutro's ghost (amateur MiBe)
  2285 | D:3      | Reached XP level 5. HP: 24/24 MP: 6/11
  2719 | D:4      | Reached skill level 4 in Spellcasting
  2741 | D:4      | Reached skill level 2 in Conjurations
  2837 | D:4      | Reached XP level 6. HP: 14/28 MP: 5/13
  2870 | D:4      | Reached skill level 6 in Poison Magic
  3072 | D:4      | Reached skill level 5 in Spellcasting
  3334 | D:4      | Reached XP level 7. HP: 21/32 MP: 15/15
  3866 | D:4      | Reached skill level 7 in Poison Magic
  3986 | D:4      | You fall through a shaft for 3 floors!
  4466 | D:5      | Entered Level 5 of the Dungeon
  4466 | D:5      | Noticed Pikel
  4532 | D:6      | Found Plog's Assorted Antiques.
  4535 | D:6      | Bought a viscous black potion for 26 gold pieces
  4535 | D:6      | Bought an inky potion for 26 gold pieces
  4535 | D:6      | Bought a scroll labeled BEIDEE HORAUL for 29 gold pieces
  4535 | D:6      | Bought 2 white potions for 52 gold pieces
  4535 | D:6      | Bought a scroll labeled OSUTRAD BUKEAZ for 29 gold pieces
  4623 | D:5      | Killed Pikel
  4623 | D:5      | Reached skill level 6 in Spellcasting
  4623 | D:5      | Reached skill level 3 in Conjurations
  4623 | D:5      | Reached skill level 8 in Poison Magic
  4623 | D:5      | Reached XP level 8. HP: 20/36 MP: 4/18
  4669 | D:5      | Got a coiled amber ring
  4672 | D:5      | Identified the ring "Ydorphafu" {MP+9 Stlth-} (You found it on level 5 of the Dungeon)
  5369 | D:6      | Reached skill level 7 in Spellcasting
  5402 | D:6      | Reached skill level 4 in Conjurations
  5402 | D:6      | Reached skill level 9 in Poison Magic
  5785 | D:7      | Reached skill level 1 in Air Magic
  6012 | D:7      | Reached XP level 9. HP: 32/39 MP: 21/21
  6409 | D:7      | Found a staircase to the Ecumenical Temple.
  6429 | Temple   | Entered the Ecumenical Temple
  6455 | Temple   | Became a worshipper of Ashenzari the Shackled
  6517 | D:7      | Reached skill level 2 in Air Magic
  6590 | D:7      | Noticed a troll
  6607 | D:7      | Killed a troll
  6607 | D:7      | Reached skill level 8 in Spellcasting
  6815 | D:7      | Identified the Grimoire of Damaging Translocation
  6829 | D:7      | Learned a level 1 spell: Apportation
  7026 | D:8      | Noticed Erica
  7038 | D:8      | Reached skill level 10 in Poison Magic
  7065 | D:8      | Killed Erica
  7065 | D:8      | Reached skill level 3 in Air Magic
  7204 | D:8      | Reached skill level 9 in Spellcasting
  7882 | D:8      | Found a bloodstained altar of Trog.
  7882 | D:8      | Found a shadowy altar of Dithmenos.
  8130 | D:8      | Reached XP level 10. HP: 34/44 MP: 24/24
  8139 | D:8      | Reached skill level 1 in Short Blades
  8144 | D:8      | Reached skill level 4 in Air Magic
  8357 | D:8      | Reached skill level 11 in Poison Magic
  8665 | D:8      | Reached skill level 2 in Short Blades
  9070 | D:8      | Learned a level 2 spell: Passwall
  9118 | D:8      | Found a staircase to the Lair.
  9298 | D:9      | Reached skill level 1 in Transmutations
  9300 | D:9      | Noticed Joseph
  9647 | D:9      | Killed Joseph
  9647 | D:9      | Reached skill level 3 in Short Blades
  9697 | D:9      | Reached skill level 4 in Stealth
  9774 | D:9      | Reached skill level 2 in Transmutations
  9778 | D:9      | Reached skill level 1 in Earth Magic
 10017 | D:9      | Reached skill level 5 in Air Magic
 10059 | D:9      | Reached * piety under Ashenzari
 10157 | D:9      | Found a faded altar of an unknown god.
 10157 | D:9      | Found a blossoming altar of Fedhas.
 10162 | D:9      | Found a burning altar of Makhleb.
 10164 | D:9      | Found a faded altar of an unknown god.
 10166 | D:9      | Found a faded altar of an unknown god.
 10361 | D:10     | Entered Level 10 of the Dungeon
 10735 | D:10     | Reached skill level 5 in Stealth
 10760 | D:10     | Found Mugg's Book Shoppe.
 10777 | D:10     | Noticed a hill giant
 10816 | D:10     | Killed a hill giant
 10816 | D:10     | Reached skill level 10 in Spellcasting
 10816 | D:10     | Reached skill level 3 in Transmutations
 10854 | D:10     | Noticed Dirian's ghost (novice MiFi)
 10978 | D:10     | Reached skill level 6 in Stealth
 10978 | D:10     | Reached skill level 2 in Earth Magic
 11027 | D:10     | Noticed a hill giant
 11033 | D:10     | Reached skill level 1 in Fighting
 11067 | D:10     | Killed a hill giant
 11067 | D:10     | Reached XP level 11. HP: 49/49 MP: 1/26
 11292 | D:10     | Reached skill level 4 in Short Blades
 11292 | D:10     | Reached skill level 4 in Dodging
 11549 | D:10     | Noticed Snorg
 11567 | D:10     | Killed Snorg
 11567 | D:10     | Reached skill level 7 in Stealth
 11711 | D:10     | Reached skill level 2 in Fighting
 11796 | D:10     | Noticed a hill giant
 11819 | D:10     | Killed a hill giant
 11819 | D:10     | Reached skill level 5 in Dodging
 11819 | D:10     | Reached skill level 8 in Stealth
 12046 | D:10     | Learned a level 5 spell: Venom Bolt
 12213 | D:11     | Noticed a hill giant
 12258 | D:11     | Killed a hill giant
 12258 | D:11     | Reached skill level 3 in Earth Magic
 12320 | D:11     | Noticed Harold
 12395 | D:11     | Noticed a hill giant
 12429 | D:11     | Killed a hill giant
 12429 | D:11     | Reached skill level 9 in Stealth
 13006 | D:11     | Noticed Grum
 13025 | D:11     | Killed Grum
 13025 | D:11     | Reached skill level 5 in Short Blades
 13068 | D:11     | Noticed an unseen horror
 13084 | D:11     | Killed an unseen horror
 13269 | D:11     | Reached skill level 3 in Fighting
 13269 | D:11     | Reached skill level 6 in Dodging
 13429 | D:11     | Identified the +2 leather armour of Ketwi {*Corrode rC+ Dex+6}
 13435 | D:11     | Reached skill level 10 in Stealth
 13749 | D:12     | Noticed Nessos
 13779 | D:12     | Noticed a purple ugly thing
 14142 | D:11     | Upgraded the game from 0.19.0-11-g3fc08b3 to 0.19.0-16-g73b5abf
 14236 | D:11     | Noticed a hill giant
 14250 | D:11     | Killed a hill giant
 14368 | D:12     | Reached ** piety under Ashenzari
 14440 | D:12     | Reached XP level 12. HP: 56/56 MP: 27/27
 14444 | D:12     | Killed Nessos
 14444 | D:12     | Reached skill level 7 in Dodging
 14512 | D:12     | Reached skill level 11 in Stealth
 14784 | D:12     | Found a staircase to the Orcish Mines.
 14795 | D:12     | Noticed Azrael
 14795 | D:12     | Reached skill level 6 in Short Blades
 15039 | Orc:1    | Entered Level 1 of the Orcish Mines
 15126 | D:12     | Learned a level 3 spell: Stone Arrow
 15701 | Orc:2    | Entered Level 2 of the Orcish Mines
 15715 | Orc:2    | Reached skill level 4 in Fighting
 15794 | Orc:2    | Found a flickering gateway to a bazaar.
 15829 | Bazaar   | Entered a bazaar
 15829 | Bazaar   | Found Dohipuj's Weapon Shoppe.
 15829 | Bazaar   | Found Muteesec's Book Shoppe.
 15829 | Bazaar   | Found Acug's Book Emporium.
 15831 | Bazaar   | Found Noych's Gadget Emporium.
 15848 | Bazaar   | Bought the Disquisition on Intoxication for 682 gold pieces
 15851 | Bazaar   | Bought a wand of teleportation (6/9) for 210 gold pieces
 15855 | Bazaar   | Learned a level 3 spell: Ignite Poison
 15862 | Bazaar   | Learned a level 6 spell: Poisonous Cloud
 15957 | Orc:2    | Found a staircase to the Elven Halls.
 15965 | Orc:2    | Found a roughly hewn altar of Beogh.
 16080 | Orc:2    | Found a roughly hewn altar of Beogh.
 16094 | Orc:2    | Reached skill level 5 in Conjurations
 16228 | Orc:2    | Found a roughly hewn altar of Beogh.
 16272 | Orc:2    | Reached skill level 8 in Dodging
 16272 | Orc:2    | Reached skill level 12 in Stealth
 16305 | Orc:2    | Found Urugeukh's Assorted Antiques.
 16314 | Orc:2    | Bought a bubbling sapphire potion for 32 gold pieces
 16314 | Orc:2    | Bought a scroll of identify for 72 gold pieces
 16489 | Orc:2    | Found a roughly hewn altar of Beogh.
 16512 | Orc:2    | Noticed Maurice
 16529 | Orc:2    | Killed Maurice
 16529 | Orc:2    | Reached skill level 12 in Poison Magic
 16683 | Orc:2    | Found a roughly hewn altar of Beogh.
 16729 | Orc:2    | Found a roughly hewn altar of Beogh.
 16755 | Orc:2    | Found Enli's Gadget Shop.
 16942 | Orc:2    | Noticed an orc warlord
 16944 | Orc:2    | Reached skill level 9 in Dodging
 16944 | Orc:2    | Reached skill level 13 in Stealth
 17003 | Orc:2    | Killed an orc warlord
 17050 | Orc:2    | Found a roughly hewn altar of Beogh.
 17050 | Orc:2    | Found Cugaumil's Antique Weapon Shoppe.
 17073 | Orc:2    | Found Ovisithra's Antique Armour Emporium.
 17088 | Orc:2    | Bought an ancient robe for 171 gold pieces
 17088 | Orc:2    | Identified the +1 robe of Untold Secrets {*Slow rElec Int-5 Slay+5} (You bought it in a shop on level 2 of the Orcish Mines)
 17088 | Orc:2    | Bought an ominously black robe for 171 gold pieces
 17088 | Orc:2    | Identified the +1 robe of Okawaru's Hope {MR+} (You bought it in a shop on level 2 of the Orcish Mines)
 17327 | Lair:1   | Entered Level 1 of the Lair of Beasts
 17404 | Lair:1   | Learned a level 2 spell: Blink
 17428 | Lair:1   | Reached *** piety under Ashenzari
 17512 | Lair:1   | Reached XP level 13. HP: 63/63 MP: 28/28
 17519 | Lair:1   | Reached skill level 5 in Fighting
 17729 | Lair:1   | Noticed Nergalle
 17736 | Lair:1   | Killed Nergalle
 18095 | Lair:2   | Reached skill level 6 in Air Magic
 18623 | Lair:2   | Learned a level 2 spell: Repel Missiles
 18934 | Lair:3   | Found a dark tunnel.
 18943 | Volcano  | Entered a volcano
 18986 | Volcano  | Reached skill level 10 in Dodging
 19027 | Volcano  | Reached skill level 6 in Conjurations
 19293 | Lair:3   | Found a staircase to the Shoals.
 19313 | Lair:3   | Reached skill level 11 in Spellcasting
 19672 | Lair:3   | Reached **** piety under Ashenzari
 19828 | Lair:3   | Reached skill level 7 in Air Magic
 20094 | Lair:3   | Reached skill level 6 in Fighting
 20321 | Lair:4   | Found a labyrinth entrance.
 20327 | Lab      | Entered a labyrinth
 20460 | Lab      | Found an exit through the horrors of the Abyss.
 20488 | Lab      | Noticed a minotaur
 20518 | Lab      | Killed a minotaur
 20518 | Lab      | Identified the ring of Megalomania {Wiz rElec Int+4} (You took it off a minotaur in a labyrinth)
 20534 | Lab      | Got the uncursed pair of gloves of Inaction {*Contam rElec rC+ Dex+6}
 20574 | Lair:4   | Upgraded the game from 0.19.0-16-g73b5abf to 0.19.0-17-g07987d3
 20626 | Lair:4   | Reached skill level 13 in Poison Magic
 20792 | Lair:4   | Found a hole to the Spider Nest.
 20845 | Lair:4   | Reached XP level 14. HP: 20/70 MP: 30/30
 21448 | Lair:5   | Got the trident "Cuecrorem" {venom, -Tele rElec rC+++ Stlth+}
 21449 | Lair:5   | Identified the +10 trident "Cuecrorem" {venom, -Tele rElec rC+++ Stlth+} (You found it on level 5 of the Lair of Beasts)
 21788 | Lair:5   | Found a staircase to the Slime Pits.
 22096 | Lair:6   | Entered Level 6 of the Lair of Beasts
 22134 | Lair:5   | Reached skill level 14 in Stealth
 22773 | Lair:6   | Reached skill level 12 in Spellcasting
 23435 | Lair:6   | Reached ***** piety under Ashenzari
 23610 | Lair:6   | Reached skill level 7 in Conjurations
 23618 | Lair:6   | Reached skill level 7 in Fighting
 23618 | Lair:6   | Reached skill level 8 in Air Magic
 24328 | Elf:1    | Entered Level 1 of the Elven Halls
 24477 | Elf:1    | Reached skill level 15 in Stealth
 24660 | Elf:1    | Noticed a deep elf sorcerer
 24667 | Elf:1    | Killed a deep elf sorcerer
 24963 | Elf:1    | Found a deep blue altar of Sif Muna.
 25105 | Elf:2    | Reached XP level 15. HP: 75/75 MP: 32/32
 25611 | Elf:2    | Found a huge runed gate.
 25611 | Elf:2    | Found a huge runed gate.
 25611 | Elf:2    | Found a huge runed gate.
 25611 | Elf:2    | Found a huge runed gate.
 25611 | Elf:2    | Found a huge runed gate.
 25706 | Elf:2    | Reached skill level 13 in Spellcasting
 25815 | Elf:3    | Entered Level 3 of the Elven Halls
 25819 | Elf:3    | Noticed Louise
 25833 | Elf:3    | Killed Louise
 25931 | Elf:3    | Reached skill level 9 in Air Magic
 25986 | Elf:3    | Identified the +7 chain mail of Dawn {Dex+3 Stlth+}
 26092 | Elf:3    | Noticed Saint Roka
 26093 | Elf:3    | Noticed a sphinx
 26093 | Elf:3    | Noticed a sphinx
 26096 | Elf:3    | Killed a sphinx
 26096 | Elf:3    | Reached skill level 8 in Fighting
 26098 | Elf:3    | Reached skill level 8 in Conjurations
 26099 | Elf:3    | Reached skill level 14 in Poison Magic
 26099 | Elf:3    | Reached skill level 16 in Stealth
 26103 | Elf:3    | Noticed a deep elf blademaster
 26501 | D:5      | Identified the +2 leather armour of Ketwi {*Corrode rC+ Dex+6}
 26608 | D:3      | Killed dobroeutro's ghost
 27311 | D:12     | Killed Azrael
 27526 | D:13     | Found a flagged portal.
 27549 | Bailey   | Entered a bailey
 27737 | Bailey   | Noticed an orc warlord
 27747 | Bailey   | Killed an orc warlord
 27784 | Bailey   | Gained mutation: Your flesh is cold resistant. (rC+) [potion of beneficial mutation]
 27785 | Bailey   | Gained mutation: Your mind is acute. (Int +2) [potion of beneficial mutation]
 28006 | D:13     | Found a gate to the Vaults.
 28751 | D:13     | Found an opulent altar of Gozag.
 29447 | D:13     | Reached XP level 16. HP: 66/82 MP: 32/34
 29503 | D:13     | Upgraded the game from 0.19.0-17-g07987d3 to 0.19.0-18-g426998a
 29582 | D:14     | Noticed Roxanne
 30928 | D:10     | Killed Dirian's ghost
 31072 | Lair:1   | Learned a level 5 spell: Lee's Rapid Deconstruction
 31340 | D:14     | Killed Roxanne
 31347 | D:14     | Identified Roxanne's Catalogue of Changing (You took it off Roxanne on level 14 of the Dungeon)
 31358 | D:14     | Found a portal to a secret trove of treasure.
 31403 | D:15     | Entered Level 15 of the Dungeon
 31669 | D:15     | Reached skill level 17 in Stealth
 31859 | D:15     | Reached skill level 4 in Earth Magic
 31983 | D:15     | Found a staircase to the Depths.
 32082 | D:15     | Reached skill level 14 in Spellcasting
 32747 | Shoals:1 | Entered Level 1 of the Shoals
 32747 | Shoals:1 | Noticed Kirke
 32753 | Shoals:1 | Reached skill level 10 in Air Magic
 32760 | Shoals:1 | Killed Kirke
 32767 | Shoals:1 | Got the cursed long sword of Laceration {flame, Str+6}
 32851 | Shoals:1 | Reached skill level 5 in Earth Magic
 32891 | Shoals:1 | Noticed a kraken
 33439 | Shoals:1 | Reached skill level 9 in Conjurations
 33587 | Shoals:1 | Reached skill level 9 in Fighting
 33594 | Shoals:1 | Noticed a kraken
 33905 | Shoals:1 | Identified the +1 robe of Yredelemnul's Approval {rPois rF- Int+10 Stlth-}
 34593 | Shoals:1 | Reached skill level 6 in Earth Magic
 34834 | Shoals:1 | Killed a kraken
 35075 | Shoals:1 | Upgraded the game from 0.19.0-18-g426998a to 0.19.0-19-g8c6edcc
 35349 | Shoals:1 | Reached XP level 17. HP: 70/88 MP: 32/36
 35524 | Shoals:1 | Killed a kraken
 36180 | Shoals:2 | Found a frozen archway.
 36190 | IceCv    | Entered an ice cave
 36330 | IceCv    | Got the falchion of the Rattle-Snake {slice, MR+ Stlth+}
 36331 | IceCv    | Identified the +5 falchion of the Rattle-Snake {slice, MR+ Stlth+} (You found it in an ice cave)
 37357 | IceCv    | Noticed an Ice Fiend
 37811 | IceCv    | Slain by an Ice Fiend

Skill      XL: |  1  2  3  4  5  6  7  8  9 10 11 12 13 14 15 16 |
---------------+-------------------------------------------------+-----
Spellcasting   | 3 4 5 6 7 9 10 11 12 13 14 | 14.8
Conjurations   | 1 2 3 4 5 6 7 8 9 |  9.3
Poison Magic   | 5 6 8 9 10 11 12 13 14 | 14.9
Air Magic      | 1 3 5 7 8 9 10 | 10.5
Short Blades   | 3 5 6 |  6.2
Transmutations | 3 |  3.0
Stealth        | 6 10 13 15 16 17 | 17.0
Earth Magic    | 2 3 6 |  6.1
Fighting       | 1 3 4 6 7 8 9 |  9.5
Dodging        | 6 9 10 | 10.0

Action                   |  1- 3 |  4- 6 |  7- 9 | 10-12 | 13-15 | 16-18 || total
-------------------------+-------+-------+-------+-------+-------+-------++-------
Melee: Dagger            |     5 |       |       |    90 |   239 |    60 ||   394
       Short sword       |    15 |   132 |   130 |       |       |       ||   277
       Rapier            |       |       |   116 |   172 |   224 |    43 ||   555
       Scimitar          |       |       |    23 |   227 |       |       ||   250
       Trident           |       |       |       |       |     7 |       ||     7
       Demon whip        |       |       |       |       |    87 |   134 ||   221
Throw: Tomahawk          |       |       |     1 |    21 |     2 |     1 ||    25
 Cast: Sting             |    61 |    99 |   150 |   239 |    26 |       ||   575
       Olgreb's Toxic Ra |       |     3 |    17 |    89 |    84 |    65 ||   258
       Mephitic Cloud    |       |       |     3 |    17 |    18 |     2 ||    40
       Venom Bolt        |       |       |       |     5 |     4 |     6 ||    15
       Passwall          |       |       |       |     3 |    39 |    23 ||    65
       Ignite Poison     |       |       |       |    13 |   170 |   149 ||   332
       Stone Arrow       |       |       |       |     7 |    80 |    85 ||   172
       Poisonous Cloud   |       |       |       |       |     7 |     5 ||    12
       Repel Missiles    |       |       |       |       |     2 |     2 ||     4
       Lee's Rapid Decon |       |       |       |       |       |    73 ||    73
       Apportation       |       |       |       |       |       |     2 ||     2
Invok: Curse Item        |       |       |       |     1 |       |       ||     1
       Scrying           |       |       |       |       |     1 |       ||     1
Evoke: Wand              |       |       |     4 |    26 |    17 |     4 ||    51
       Lamp of fire      |       |       |       |       |       |     1 ||     1
  Use: Scroll            |     3 |     3 |     8 |     7 |    13 |     4 ||    38
       Potion            |       |       |     1 |     3 |     8 |       ||    12
 Stab: Sleeping          |     1 |     1 |     1 |    16 |    67 |    20 ||   106
       Distracted        |       |     1 |       |     1 |     3 |       ||     5
       Confused          |       |       |     3 |     6 |     1 |       ||    10
       Paralysed         |       |       |     8 |     2 |       |     1 ||    11
       Betrayed ally     |       |       |       |     1 |       |       ||     1
       Invisible         |       |       |       |       |     3 |       ||     3
  Eat: Royal jelly       |       |     1 |       |     4 |     1 |     2 ||     8
       Pizza             |       |       |     2 |     5 |     2 |       ||     9
       Fruit             |       |       |     2 |     1 |    12 |       ||    15
Armor: Robe              |     2 |    17 |    37 |    38 |    51 |    22 ||   167
       Skin              |       |       |       |    30 |       |       ||    30
Dodge: Dodged            |    28 |   155 |   253 |   412 |   610 |   391 ||  1849
       Deflected         |       |       |       |       |     8 |    16 ||    24
Block: Other             |       |    29 |    77 |    66 |       |       ||   172
       Reflection        |       |       |     1 |     1 |       |       ||     2
       Rpst.: Scimitar   |       |       |     4 |    57 |       |       ||    61
